 Dungeon Crawl Stone Soup version 0.30.1-9-gdf580d7c3d (webtiles) character file.

Game seed: 11382293752448860318

25 Ivernyr the Shield-Bearer (level 3, 0/26 HPs)
             Began as a Formicid Fighter on Oct 9, 2023.
             Engulfed by a cloud of flame (26 damage)
             ... on level 1 of the Dungeon.
             The game lasted 00:02:24 (1315 turns).

Ivernyr the Shield-Bearer (Formicid Fighter)        Turns: 1315, Time: 00:02:25

Health: 0/26       AC:  6    Str: 21    XL:     3   Next: 17%
Magic:  3/3        EV:  9    Int:  6    God:
Gold:   46         SH:  5    Dex: 17    Spells: 2/2 levels left

rFire   . . .        a - +0 war axe
rCold   . . .        c - +0 buckler
rNeg    . . .        b - +0 scale mail
rPois   .            (helmet unavailable)
rElec   .            (no cloak)
rCorr   .            (no gloves)
SInv    +            (no boots)
Will    .....        (no amulet) Stlth
                     (no ring)
HPRegen 0.24/turn    (no ring)
MPRegen 0.08/turn

%: no passive effects
@: no status effects
A: permanent stasis, dig shafts and tunnels, antennae 3, four strong arms, agile
1, frail 1, screaming 1
a: Dig, Shaft Self


You were on level 1 of the Dungeon.
You visited 1 branch of the dungeon, and saw 1 of its levels.

You collected 46 gold pieces.

Inventory:

Hand Weapons
 a - a +0 war axe (weapon)
Armour
 b - a +0 scale mail (worn)
 c - a +0 buckler (worn)
Jewellery
 g - a ring of flight
Scrolls
 e - a scroll of magic mapping {unknown}
 i - a scroll of noise {unknown}


   Skills:
 + Level 3.5 Fighting
 * Level 2.6 Axes
 + Level 3.5 Armour
 + Level 4.3 Shields


You had 2 spell levels left.
You didn't know any spells.
Your spell library was empty.

Dungeon Overview and Level Annotations

Branches:
Dungeon (1/15)

Altars:


Innate Abilities, Weirdness & Mutations

You cannot be hasted, slowed, berserked, paralysed or teleported.
You can dig through walls and to a lower floor.
You have a pair of large antennae on your head. (SInv)
Your four strong arms can wield two-handed weapons with a shield.
You are agile. (Dex +4, Str/Int -1)
You are frail. (-10% HP)
You occasionally shout uncontrollably at your foes.


Message History

You start resting.
HP restored.
Really walk into a travel-excluded area?
You are engulfed in blazing flames.
You start resting.
HP restored.
Really walk into that cloud of flame?
You are engulfed in blazing flames.
Ouch! That really hurt!
You start resting.
HP restored.
You are engulfed in blazing flames.
Ouch! That really hurt!
* * * LOW HITPOINT WARNING * * *
You start resting.
HP restored.
Okay, then.
Okay, then.
You feel very mighty all of a sudden.
It was a potion of curing.
You feel better.
It was a potion of mutation.
You feel extremely strange.
You feel frail.
You feel agile.
You feel the urge to shout.
You are engulfed in blazing flames.
Ouch! That really hurt!
You start resting.
You feel a little less mighty now.
You're in a travel-excluded area, stopping explore.
Really walk into a travel-excluded area?
You are engulfed in blazing flames.
You start resting.
HP restored.
Really walk into that cloud of flame?
You are engulfed in blazing flames.
Ouch! That really hurt!
* * * LOW HITPOINT WARNING * * *
You start resting.
HP restored.
You are engulfed in blazing flames.
Ouch! That really hurt!
You die...

#####.#.........
#...............
#
##.####.#####..#
#☼ #.# #.# #..#
#○○ #.#
#.#####..#
#...######.#
#.........
.|)).○§§.#.#
#######..#
..)..○☼°...#
#..#
.$=..§§@.###
#..# #...######
#..# #.. #... #§
#.## # #... #.##
#.# #.# ###


There were no monsters in sight!

Vanquished Creatures
  A dart slug (D:1)
  5 endoplasms (D:1)
  A hobgoblin (D:1)
  4 ball pythons (D:1)
  2 bats (D:1)
  2 frilled lizards (D:1)
  5 kobolds (D:1)
  3 rats (D:1)
23 creatures vanquished.

Notes
Turn   | Place    | Note
-------+----------+-------------------------------------------
     0 | D:1      | Ivernyr the Formicid Fighter began the quest for the Orb.
     0 | D:1      | Reached XP level 1. HP: 18/18 MP: 1/1
   125 | D:1      | Reached XP level 2. HP: 24/24 MP: 2/2
   629 | D:1      | Reached XP level 3. HP: 29/29 MP: 3/3
  1132 | D:1      | Gained mutation: You are frail. (-10% HP) [potion of
                  | mutation]
  1132 | D:1      | Gained mutation: You are agile. (Dex +4, Str/Int -1)
                  | [potion of mutation]
  1132 | D:1      | Gained mutation: You occasionally shout uncontrollably at
                  | your foes. [potion of mutation]
  1315 | D:1      | Engulfed by a cloud of flame

Illustrated notes

Levels and vault maps discovered:
D:1:      dpeg_arrival_yet_another_circle, layout_basic, st_stairs_3,
          lemuel_flame_loot_1

Action                     || total
---------------------------++-------
  Melee: War axe           ||    54
    Use: Potion            ||     3
 Armour: Scale mail        ||    32
  Dodge: Dodged            ||    29
  Block: Buckler           ||    13
